 Dungeon Crawl Stone Soup version 0.18-a0-1468-gaf180a1 (webtiles) character file.

163 namelastname112 the Insei (level 5, -3/45 HPs)
             Began as a Draconian Monk on Mar 2, 2016.
             Killed from afar by an orc wizard (5 damage)
             ... with a magic dart
             ... on level 4 of the Dungeon.
             The game lasted 00:03:04 (2322 turns).

namelastname112 the Insei (Draconian Monk)          Turns: 2322, Time: 00:03:04

Health: -3/45      AC:  5    Str: 13    XL:     5   Next: 20%
Magic:  5/5        EV: 13    Int: 14    God:
Gold:   67         SH:  0    Dex: 15    Spells: 0 memorised, 4 levels left

rFire  . . .     SeeInvis .       - Unarmed
rCold  . . .     Gourm    .     (armour unavailable)
rNeg   . . .     Faith    .     (no shield)
rPois  .         Spirit   .     (helmet restricted)
rElec  .         Dismiss  .     (no cloak)
rCorr  .         Reflect  .     (no gloves)
SustAt .         Harm     .     (no boots)
MR     .....                    (no amulet)
Stlth  ++........               (no ring)
                                h - +4 ring of intelligence

@: not resistant to hostile enchantments, unstealthy
A: unfitting armour, cold-blooded, AC +5
a: no special abilities


You were on level 4 of the Dungeon.
You were very hungry.

You visited 1 branch of the dungeon, and saw 4 of its levels.

You collected 67 gold pieces.

Inventory:

Jewellery
 h - a +4 ring of intelligence (left hand)
 q - an uncursed ring of fire
Scrolls
 d - a scroll of random uselessness {unknown}
 e - a scroll of fog {unknown}
 f - 4 scrolls of magic mapping {unknown}
 i - 3 scrolls of enchant armour {unknown}
 j - 2 scrolls of amnesia {unknown}
 k - 3 scrolls of identify {unknown}
 m - 2 scrolls of remove curse {unknown}
 s - a scroll of enchant weapon {unknown}
Potions
 l - a potion of lignification {unknown}
 n - a potion of resistance {unknown}
 o - a potion of berserk rage
 p - a potion of might {unknown}
 r - a potion of invisibility {unknown}
 t - a potion of heal wounds {unknown}
Comestibles
 a - 3 bread rations
 b - a beef jerky
 c - 3 fruits


   Skills:
 - Level 3.2 Fighting
 - Level 2.6 Dodging
 - Level 1.7 Stealth
 + Level 6.5 Unarmed Combat


You had 4 spell levels left.
You didn't know any spells.

Dungeon Overview and Level Annotations

Branches:
Dungeon (4/15)
 Temple: D:4-7

Altars:
Dithmenos
Qazlal


Innate Abilities, Weirdness & Mutations

Your plain brown scales are hard (AC +5).
Your body does not fit into most forms of armour.
You are cold-blooded and may be slowed by cold attacks.


Message History

The orc wizard casts a spell.
The orc wizard seems to speed up.
The orc wizard casts a spell at you. The puff of flame hits you!
* * * LOW HITPOINT WARNING * * *
You are feeling very hungry.
The orc wizard casts a spell at you. The puff of flame hits you!
* * * LOW HITPOINT WARNING * * *
The orc wizard gestures wildly while chanting.
The orc wizard blinks!
You miss the orc wizard.
The orc wizard hits you but does no damage.
Drink which item? (? for menu, Esc to quit)
It was a potion of berserk rage.
You're too hungry to go berserk.
The orc wizard hits you with a dagger.
* * * LOW HITPOINT WARNING * * *
The orc wizard gestures at you while chanting.
The magic dart hits you!
You die...

##..................#
##.....###..(.......
#...### ###..##....
#..## #...###.. #..#
##....... #..# #.......
#.## #....... ##o##
#....... ##..@###
##....... #....o.###
#.[..o...
.....###o...####...<....
..... ###ยง.o.##.....##.
###.. ###.........### #.
##........# # ##
##o......# # #.......# #
#.......# #


You could see 2 orc wizards and 3 orcs.

Vanquished Creatures
  2 orc priests
  3 adders
  2 worms
  A dart slug (D:1)
  2 giant geckos (D:2)
  5 orcs (D:3)
  A ball python (D:2)
  5 giant cockroaches
  6 goblins
  4 hobgoblins
  9 jackals (D:1)
  4 kobolds
  2 quokkas (D:3)
  6 bats
  2 giant newts
  7 rats
61 creatures vanquished.

Notes
Turn   | Place    | Note
--------------------------------------------------------------
     0 | D:1      | namelastname112 the Draconian Monk began the quest for the Orb.
     0 | D:1      | Reached XP level 1. HP: 19/19 MP: 1/1
   195 | D:1      | Reached XP level 2. HP: 23/26 MP: 2/2
   538 | D:1      | Reached skill level 5 in Unarmed Combat
   539 | D:1      | Reached XP level 3. HP: 27/31 MP: 3/3
  1297 | D:2      | Found a faded altar to an unknown god.
  1346 | D:2      | Found a stormy altar of Qazlal.
  1603 | D:3      | Found a shadowy altar of Dithmenos.
  1623 | D:3      | Reached XP level 4. HP: 28/38 MP: 4/4
  1818 | D:3      | Reached skill level 6 in Unarmed Combat
  2257 | D:4      | Reached XP level 5. HP: 26/45 MP: 5/5
  2322 | D:4      | HP: 2/45 [orc wizard/dagger (3)]
  2322 | D:4      | Killed from afar by an orc wizard

Vault maps used:
D:1:      grunt_arrival_crossed_arrows
D:2:      nicolae_qazlal_general_emergency, ecumenical_altar_1
D:3:      overflow_temple_1_default

Skill      XL: |  1  2  3  4 |
---------------+-------------+-----
Unarmed Combat | 5 6 |  6.5
Fighting       | |  3.2
Dodging        | |  2.6
Stealth        | |  1.7

Action                   |  1- 3 |  4- 6 || total
-------------------------+-------+-------++-------
Melee: Unarmed           |   110 |    76 ||   186
  Use: Potion            |       |     3 ||     3
 Stab: Sleeping          |     7 |     2 ||     9
       Distracted        |     1 |       ||     1
  Eat: Pizza             |     1 |       ||     1
       Chunk             |       |     2 ||     2
